 Dungeon Crawl Stone Soup version 0.20-a0-739-g6bb112f (webtiles) character file.

268 Gorglomux the Ruffian (level 6, -3/51 HPs)
             Began as a Ghoul Monk on Feb 25, 2017.
             Killed by divine providence
             ... invoked by an orc priest
              (13 damage)
             ... on level 4 of the Dungeon.
             The game lasted 00:03:51 (2517 turns).

Gorglomux the Ruffian (Ghoul Monk)                  Turns: 2517, Time: 00:03:52

Health: -3/51      AC:  6    Str: 17    XL:     6   Next: 21%
Magic:  5/5        EV: 11    Int:  5    God:
Gold:   158        SH:  0    Dex: 11    Spells: 5/5 levels left

rFire    . . .     SeeInvis .     - Unarmed
rCold    + . .     Gourm    .   j - +0 ring mail
rNeg     + + +     Faith    .   (no shield)
rPois    ∞         Spirit   .   (no helmet)
rElec    .         Reflect  .   (no cloak)
rCorr    .         Harm     .   (no gloves)
MR       +....                  E - +0 pair of boots
Stlth    ..........             (no amulet)
Regen    0.0/turn               m - ring of protection from magic
MPRegen  0.1/turn               n - ring of loudness (curse)

@: rotting
A: rotting body, claws 1, carnivore 3, cold resistance 1, negative energy
resistance 3, inhibited regeneration, torment resistance, unbreathing
a: no special abilities


You were on level 4 of the Dungeon.
You were not hungry.

You visited 1 branch of the dungeon, and saw 4 of its levels.

You collected 158 gold pieces.

Inventory:

Missiles
 l - 2 javelins (quivered)
 u - 10 poisoned needles
Armour
 a - a +0 robe
 j - a +0 ring mail (worn)
 E - a +0 pair of boots (worn)
Jewellery
 m - a ring of protection from magic (right claw)
 n - a cursed ring of loudness (left claw)
 r - a +4 ring of intelligence {unknown}
 C - an uncursed ring of flight {unknown}
Scrolls
 c - 2 scrolls of teleportation {unknown}
 f - 2 scrolls of enchant weapon {unknown}
 p - a scroll of enchant armour {unknown}
 q - a scroll of noise {unknown}
 t - a scroll of remove curse {unknown}
 y - 2 scrolls of identify {unknown}
 z - a scroll of amnesia {unknown}
 A - a scroll of fear {unknown}
 B - a scroll of magic mapping {unknown}
Potions
 d - 2 potions of ambrosia {unknown}
 e - 2 potions of berserk rage {unknown}
 g - a potion of might {unknown}
 i - a potion of haste {unknown}
 o - a potion of curing {unknown}
 w - a potion of heal wounds {unknown}
 x - a potion of cancellation {unknown}
Comestibles
 b - 2 meat rations
 s - a royal jelly


   Skills:
 - Level 3.2 Fighting
 - Level 2.6 Dodging
 - Level 2.1 Stealth
 + Level 7.4 Unarmed Combat


You had 5 spell levels left.
You didn't know any spells.

Dungeon Overview and Level Annotations

Branches:
Dungeon (4/15)
 Temple: D:4-7

Altars:
Hepliaklqana
Sif Muna


Innate Abilities, Weirdness & Mutations

Your body is rotting away.
You thrive on raw meat.
You are immune to poison.
You have sharp fingernails.
You are carnivorous and can eat meat at any time.
Your flesh is cold resistant. (rC+)
You are immune to negative energy. (rN+++)
You do not regenerate when monsters are visible.
You are immune to unholy pain and torment.
You can survive without breathing.


Message History

You eat the chunk of flesh.
This raw flesh tastes great!
The orc priest hits you but does no damage.
Okay, then.
You scratch the orc priest but do no damage.
The orc priest is moderately wounded.
The orc priest hits you with a short sword.
* * * LOW HITPOINT WARNING * * *
You closely miss the orc priest.
The orc priest is moderately wounded.
The orc priest barely misses you.
You closely miss the orc priest.
The orc priest is moderately wounded.
You claw the orc priest!
The orc priest is severely wounded.
The orc priest hits you but does no damage.
You closely miss the orc priest.
The orc priest is severely wounded.
The orc priest mumbles some strange prayers to Beogh against you.
Beogh smites you!
You die...

#### ..# #.#
.######(#########
......).†(.....>#
.######)#######.#
#.# #.#
#.#######.#
#@........#
......o########.#
....... #.#
....... #.#
#...... #.#
######. #.# #.
#.# ## #.# #.#


You could see an orc priest.

Vanquished Creatures
  A howler monkey (D:4)
  An orc priest (D:4)
  2 orc wizards
  Jessica (D:3)
  4 adders
  2 leopard geckos (D:2)
  5 orcs
  3 giant cockroaches
  7 goblins
  4 hobgoblins
  3 jackals (D:4)
  7 kobolds
  11 bats
  3 frilled lizards (D:2)
  9 rats
63 creatures vanquished.

Vanquished Creatures (others)
  An orc wizard (D:3)
1 creature vanquished.

Grand Total: 64 creatures vanquished

Notes
Turn   | Place    | Note
-------+----------+-------------------------------------------
     0 | D:1      | Gorglomux the Ghoul Monk began the quest for the Orb.
     0 | D:1      | Reached XP level 1. HP: 19/19 MP: 0/0
   542 | D:1      | Reached XP level 2. HP: 26/26 MP: 1/1
   627 | D:1      | Reached skill level 4 in Unarmed Combat
  1237 | D:2      | Reached XP level 3. HP: 23/31 MP: 2/2
  1435 | D:2      | Found a hazy altar of Hepliaklqana.
  1553 | D:3      | Reached skill level 5 in Unarmed Combat
  1553 | D:3      | Reached XP level 4. HP: 32/38 MP: 3/3
  1861 | D:3      | Noticed Jessica
  1867 | D:3      | Found a deep blue altar of Sif Muna.
  1890 | D:3      | Killed Jessica
  1890 | D:3      | Reached skill level 6 in Unarmed Combat
  1890 | D:3      | Reached XP level 5. HP: 42/45 MP: 4/4
  2482 | D:4      | Reached skill level 7 in Unarmed Combat
  2489 | D:4      | Reached XP level 6. HP: 48/51 MP: 5/5
  2517 | D:4      | Killed from afar by an orc priest

Vault maps used:
D:1:      lightli_arrival_flooded_house
D:2:      lemuel_doored_altar, first_bread
D:3:      tgw_sif
D:4:      temple_fountains, nicolae_zen_rock_garden, uniq_pikel

Skill      XL: |  1  2  3  4  5 |
---------------+----------------+-----
Unarmed Combat | 4 5 6 7 |  7.4
Fighting       | |  3.2
Dodging        | |  2.6
Stealth        | |  2.1

Action                   |  1- 3 |  4- 6 || total
-------------------------+-------+-------++-------
Melee: Unarmed           |    91 |   111 ||   202
       Punch             |     2 |     3 ||     5
Throw: Javelin           |     1 |     1 ||     2
 Stab: Sleeping          |     3 |       ||     3
  Eat: Chunk             |     7 |    16 ||    23
Armor: Ring mail         |    23 |    36 ||    59
       Robe              |     2 |       ||     2
Dodge: Dodged            |    54 |    55 ||   109
